 Dungeon Sprint DCSS version 0.19.0-19-g8c6edcc (webtiles) character file.

11200000 NINUZHNO the Axe Maniac (level 27, -43/272 (273) HPs)
             Began as a Ghoul Warper on Nov 12, 2016.
             Was the Champion of Makhleb.
             Killed from afar by an observer (74 damage)
             ... with a fireball
             ... in the Dungeon (Sprint VIII: "Arena of Blood").
             The game lasted 00:04:24 (112 turns).

NINUZHNO the Axe Maniac (Ghoul Warper)               Turns: 112, Time: 00:04:25

HP:   -43/272 (273) AC:  6    Str: 19    XL:     27
MP:   35/53         EV: 32    Int:  8    God:    Makhleb [******]
Gold: 0             SH:  0    Dex: 17    Spells: 0 memorised, 80 levels left

rFire  . . .     SeeInvis .     l - +∞ Axe of Woe
rCold  + . .     Gourm    .     b - +0 leather armour
rNeg   + + +     Faith    .     (shield currently unavailable)
rPois  ∞         Spirit   .     (no helmet)
rElec  .         Reflect  .     (no cloak)
rCorr  .         Harm     .     (no gloves)
MR     ++...     NoTele   +     (no boots)
Stlth  +++++++++.               (no amulet)
                                (no ring)
                                (no ring)

@: rotting
A: rotting body, claws 1, carnivore 3, cold resistance 1, negative energy
resistance 3, slow regeneration 1, torment resistance, unbreathing
a: Minor Destruction, Lesser Servant of Makhleb, Major Destruction, Greater
Servant of Makhleb, Renounce Religion


You were in the Dungeon.
You worshipped Makhleb.
Makhleb was exalted by your worship.
You were not hungry.

You visited 1 branch

Inventory:

Hand Weapons
 a - a +0 hand axe
 l - the +∞ Axe of Woe (weapon)
   (You found it in the Dungeon)
Missiles
 e - 5 tomahawks of dispersal (quivered)
Armour
 b - a +0 leather armour (worn)
Scrolls
 d - 2 scrolls of blinking
Potions
 g - a potion of curing
 h - a potion of heal wounds
 i - a potion of haste
 j - 2 potions of magic
 k - a potion of berserk rage
Books
 c - a book of Spatial Translocations

   Spells                             Type                      Level
   a - Blink                          Translocation                2
   b - Shroud of Golubria             Charms/Translocation         2
   c - Lesser Beckoning               Translocation                3
   d - Portal Projectile              Translocation                3
   e - Teleport Other                 Translocation                3
   f - Passage of Golubria            Translocation                4
Comestibles
 f - a meat ration


   Skills:
 O Level 27 Fighting
 O Level 27 Axes
 O Level 27 Throwing
 O Level 27 Armour
 O Level 27 Dodging
 O Level 27 Stealth
 O Level 27 Unarmed Combat
 O Level 27 Spellcasting
   Level 2.6 Translocations
 O Level 27 Invocations


You had 80 spell levels left.
You didn't know any spells.

Dungeon Overview and Level Annotations

Branches:
Dungeon (1/1)

Altars:
Makhleb

Annotations:
D The Defiler


Innate Abilities, Weirdness & Mutations

Your body is rotting away.
You thrive on raw meat.
You are immune to poison.
You have sharp fingernails.
You are carnivorous and can eat meat at any time.
Your flesh is cold resistant. (rC+)
You are immune to negative energy. (rN+++)
You regenerate slowly when monsters are visible.
You are immune to unholy pain and torment.
You can survive without breathing.


Message History

You open the nine-headed meat hydra like a pillowcase!!!
You pulverise the nine-headed meat hydra into a thin bloody mist.
You kill the nine-headed meat hydra!
Makhleb accepts your kill.
You feel better.
You hear a shout!
You feel something staring at you.
A fireball appears from out of thin air!
The fireball explodes!
The fireball engulfs you!
You hear a shout! x6
The Defiler throws fire at you.
The fireball explodes!
The fireball engulfs you!
Ouch! That really hurt!
* * * LOW HITPOINT WARNING * * *
You hear a shout!
A bag of meat comes into view. It is wielding a +9 war axe.
Unknown command.
You hear a shout!
You feel something staring at you.
A fireball appears from out of thin air!
The fireball explodes!
The fireball engulfs you!
You die...

............###......
....#........_.....
...#.......#.....#
#..........#_.<._# .
...#.....z.#).)..#....
....o#.D...xXo_)......
.....oM...C.O###......
.§.....{###..o....###.
.X.....o§@#.......#
......@§§§#.......#
.#....V§§W).....V..
#.#.#%%.........o...
.#.#..........O....
#.#.#........M...C
.#%#.....#.......
......D.........
......# .#.....


You could see 2 accurseds, an eight-headed meat hydra, a destroyer, The Defiler,
a dread and 3 bags of meat.

Vanquished Creatures
  Sigmund (D)
  2 hell beasts (D)
  A greater mummy (D)
  2 great orbs of eyes (D)
  2 wraiths (D)
  10 vampire knights (D)
  24 ogres (D)
  4 liches (D)
  A hydra (D)
  37 orcs (D)
  6 phantoms (D)
  4 hill giants (D)
  7 skeletal warriors (D)
  A sea snake (D)
  3 large abominations (D)
  8 crawling corpses (D)
113 creatures vanquished.

Vanquished Creatures (others)
  3 crawling corpses (D)
3 creatures vanquished.

Grand Total: 116 creatures vanquished

Notes
Turn   | Place    | Note
-------+----------+-------------------------------------------
     0 | D        | NINUZHNO the Ghoul Warper began the quest for the Orb.
     0 | D        | Reached XP level 1. HP: 17/17 MP: 2/2
     4 | D        | Noticed a bag of meat
     4 | D        | Became a worshipper of Makhleb the Destroyer
    10 | D        | Killed a bag of meat
    10 | D        | Reached XP level 2. HP: 24/24 MP: 3/3
    10 | D        | Reached XP level 3. HP: 29/29 MP: 4/4
    10 | D        | Reached XP level 4. HP: 36/36 MP: 5/5
    10 | D        | Reached XP level 5. HP: 41/41 MP: 6/6
    10 | D        | Reached XP level 6. HP: 48/48 MP: 7/7
    10 | D        | Reached XP level 7. HP: 55/55 MP: 8/8
    10 | D        | Reached XP level 8. HP: 61/61 MP: 9/9
    10 | D        | Reached XP level 9. HP: 67/67 MP: 10/10
    10 | D        | Reached XP level 10. HP: 73/73 MP: 11/11
    10 | D        | Reached XP level 11. HP: 79/79 MP: 12/12
    10 | D        | Reached XP level 12. HP: 85/85 MP: 13/13
    15 | D        | Noticed a meat berserker
    15 | D        | Noticed a bag of meat
    17 | D        | Killed a meat berserker
    17 | D        | Reached * piety under Makhleb
    17 | D        | Reached skill level 27 in Axes
    17 | D        | Reached XP level 13. HP: 68/107 MP: 13/21
    17 | D        | Reached XP level 14. HP: 73/115 MP: 13/22
    19 | D        | Noticed a meat berserker
    21 | D        | Killed a bag of meat
    21 | D        | Reached skill level 10 in Fighting
    21 | D        | Reached skill level 10 in Invocations
    22 | D        | Noticed a bag of meat
    23 | D        | Noticed a large bag of meat
    24 | D        | Killed a meat berserker
    24 | D        | Reached XP level 15. HP: 90/138 MP: 14/29
    25 | D        | Noticed a meat berserker
    28 | D        | Noticed a large bag of meat
    28 | D        | Noticed a destroyer
    28 | D        | Killed a meat berserker
    28 | D        | Reached ** piety under Makhleb
    28 | D        | Reached XP level 16. HP: 43/151 MP: 14/32
    30 | D        | Noticed a meat berserker
    33 | D        | Killed a destroyer
    33 | D        | Reached skill level 15 in Spellcasting
    33 | D        | Reached XP level 17. HP: 95/167 MP: 15/35
    33 | D        | Killed a meat berserker
    33 | D        | Reached *** piety under Makhleb
    33 | D        | Reached XP level 18. HP: 181/181 MP: 15/37
    35 | D        | Noticed a sculptor of flesh
    35 | D        | Noticed a sculptor of flesh
    37 | D        | Noticed a destroyer
    38 | D        | Killed a sculptor of flesh
    39 | D        | Noticed a meat berserker
    40 | D        | Noticed a large bag of meat
    41 | D        | Noticed a sculptor of flesh
    42 | D        | Noticed a destroyer
    42 | D        | Noticed a meat berserker
    44 | D        | Noticed a destroyer
    45 | D        | Killed a sculptor of flesh
    45 | D        | Reached **** piety under Makhleb
    45 | D        | Killed a meat berserker
    45 | D        | Reached XP level 19. HP: 197/197 MP: 18/41
    48 | D        | Noticed a destroyer
    48 | D        | Killed a meat berserker
    48 | D        | Killed a sculptor of flesh
    48 | D        | Reached skill level 27 in Stealth
    48 | D        | Reached XP level 20. HP: 210/210 MP: 19/43
    48 | D        | Killed a destroyer
    48 | D        | Reached ***** piety under Makhleb
    49 | D        | Reached skill level 27 in Fighting
    49 | D        | Reached skill level 27 in Invocations
    49 | D        | Killed a destroyer
    49 | D        | Reached XP level 21. HP: 223/223 MP: 19/48
    50 | D        | Noticed a meat berserker
    55 | D        | Killed a meat berserker
    55 | D        | Reached skill level 27 in Armour
    55 | D        | Reached skill level 27 in Dodging
    55 | D        | Reached skill level 27 in Spellcasting
    57 | D        | Noticed a meat berserker
    57 | D        | Noticed a destroyer
    58 | D        | Noticed a meat berserker
    58 | D        | Reached XP level 22. HP: 203/232 MP: 22/52
    59 | D        | Noticed a tyrant
    60 | D        | Noticed The Captor
    60 | D        | Noticed a tyrant
    60 | D        | Reached ****** piety under Makhleb
    60 | D        | Killed a destroyer
    62 | D        | Reached skill level 27 in Unarmed Combat
    62 | D        | Reached XP level 23. HP: 239/239 MP: 23/53
    62 | D        | Killed a destroyer
    62 | D        | Reached skill level 27 in Throwing
    63 | D        | Noticed a destroyer
    63 | D        | Reached XP level 24. HP: 248/248 MP: 23/53
    64 | D        | Noticed a destroyer
    65 | D        | Killed a destroyer
    65 | D        | Reached XP level 25. HP: 256/256 MP: 23/53
    66 | D        | Killed a tyrant
    67 | D        | Killed a tyrant
    67 | D        | Killed a destroyer
    67 | D        | Reached XP level 26. HP: 265/265 MP: 24/53
    69 | D        | Noticed a destroyer
    69 | D        | HP: 3/265 [bag of meat/+9 war axe (39)]
    70 | D        | Killed The Captor
    70 | D        | Reached XP level 27. HP: 3/272 MP: 25/53
    72 | D        | Noticed a dread
    78 | D        | Killed a destroyer
    80 | D        | Noticed a tyrant
    84 | D        | Noticed a meat beast
    86 | D        | Killed a dread
    87 | D        | Noticed an accursed
    88 | D        | Killed a meat beast
    90 | D        | Noticed a destroyer
    93 | D        | Noticed a meat beast
    93 | D        | Killed a destroyer
    94 | D        | Killed a tyrant
    96 | D        | Noticed a destroyer
    96 | D        | Killed a meat beast
    97 | D        | Noticed a dread
   101 | D        | Noticed an accursed
   104 | D        | Killed a dread
   105 | D        | Noticed a tyrant
   105 | D        | Noticed The Defiler
   105 | D        | Noticed a destroyer
   105 | D        | Killed an accursed
   106 | D        | Noticed an accursed
   106 | D        | Killed a tyrant
   107 | D        | Noticed a dread
   110 | D        | Killed a destroyer
   112 | D        | Killed from afar by an observer

Skill      XL: |  1  2  3  4  5  6  7  8  9 10 11 12 13 14 15 16 17 18 19 20 21 22 23 |
---------------+----------------------------------------------------------------------+-----
Axes           | 24 27 | 27.0
Fighting       | 8 14 16 19 21 23 25 27 | 27.0
Armour         | 6 11 13 16 18 20 22 26 27 | 27.0
Dodging        | 6 12 14 17 18 20 22 26 27 | 27.0
Stealth        | 8 14 17 20 22 25 27 | 27.0
Spellcasting   | 6 11 13 15 16 19 20 24 27 | 27.0
Invocations    | 7 13 16 19 20 23 25 27 | 27.0
Throwing       | 14 23 27 | 27.0
Unarmed Combat | 16 27 | 27.0
Translocations | |  2.6

Action                   |  1- 3 |  4- 6 |  7- 9 | 10-12 | 13-15 | 16-18 | 19-21 | 22-24 | 25-27 || total
-------------------------+-------+-------+-------+-------+-------+-------+-------+-------+-------++-------
Melee: Executioner's axe |     1 |       |       |     1 |     3 |     5 |     7 |     6 |    39 ||    62
Invok: Minor Destruction |       |       |       |       |       |     1 |       |       |       ||     1
 Stab: Distracted        |       |       |       |       |       |       |       |       |     1 ||     1
Dodge: Dodged            |       |       |       |       |       |       |       |       |     1 ||     1
